 Dungeon Crawl Stone Soup version 0.26-a0-449-g08c0c8f (webtiles) character file.

Game seed: 12284213656846194178

577 Ayyar the Sneak (level 7, -4/49 HPs)
             Began as an Octopode Monk on July 26, 2020.
             Splashed by a jelly's acid (8 damage)
             ... on level 5 of the Dungeon.
             The game lasted 00:10:26 (3998 turns).

Ayyar the Sneak (Octopode Monk)                     Turns: 3998, Time: 00:10:26

Health: -4/49      AC: -11   Str: 12    XL:     7   Next: 35%
Magic:  7/7        EV: 19    Int: 13    God:
Gold:   159        SH:  0    Dex: 14    Spells: 6/6 levels left

rFire    . . .     SeeInvis .   l - +1 dagger (freeze)
rCold    . . .     Faith    .   (no shield)
rNeg     . . .     Spirit   .   (helmet restricted)
rPois    .         Reflect  .   (no amulet)
rElec    .         Harm     .   e - ring of stealth
rCorr    .                      q - +4 ring of evasion
MR       .....                  (no ring)
Stlth    +++++.....             (no ring)
HPRegen  0.16/turn              (no ring)
MPRegen  0.10/turn              (no ring)
                                (no ring)
                                (no ring)

@: corroded
A: almost no armour, stealthy swim, amphibious, 8 rings, constrict 8, camouflage
1, gelatinous body 1
a: no special abilities


You were on level 5 of the Dungeon.
You visited 1 branch of the dungeon, and saw 5 of its levels.

You collected 159 gold pieces.

Inventory:

Hand Weapons
 a - a +0 short sword
 l - a +1 dagger of freezing (weapon)
Missiles
 i - 33 poisoned darts (quivered)
Jewellery
 e - a ring of stealth (left tentacle)
 q - a +4 ring of evasion (right tentacle)
 s - an uncursed amulet of faith {unknown}
Wands
 f - a wand of random effects (8)
Scrolls
 b - a scroll of immolation {unknown}
 d - 3 scrolls of remove curse
 g - 7 scrolls of identify {unknown}
 j - 2 scrolls of magic mapping {unknown}
 o - a scroll of blinking {unknown}
 p - a scroll of amnesia {unknown}
Potions
 c - a potion of resistance {unknown}
 h - 2 potions of cancellation {unknown}
 k - a potion of heal wounds {unknown}
 m - a potion of berserk rage {unknown}
 n - a potion of might {unknown}
 r - a potion of invisibility {unknown}
 t - a potion of brilliance {unknown}
 u - a potion of ambrosia {unknown}


   Skills:
 + Level 4.4 Fighting
 + Level 4.3 Short Blades
 + Level 4.3 Dodging
 * Level 6.9 Stealth
 + Level 2.5 Evocations


You had 6 spell levels left.
You didn't know any spells.
Your spell library contained the following spells:

 Spells                   Type           Power        Failure   Level
 Confusing Touch          Hex            #.......     67%         3
 Gell's Gravitas          Tloc           #.........   67%         3
 Petrify                  Tmut/Erth      #.......     97%         4
 Metabolic Englaciation   Hex/Ice        #.........   100%        5
 Yara's Violent Unravell  Hex/Tmut       #.........   100%        5


Dungeon Overview and Level Annotations

Branches:
Dungeon (5/15)             Temple (0/1) D:5

Altars:
Elyvilon


Innate Abilities, Weirdness & Mutations

You cannot wear most types of armour.
You are very stealthy in the water. (Stealth+)
You are amphibious.
You can wear up to eight rings at the same time.
You can use your tentacles to constrict eight enemies at once.
Your skin changes colour to match your surroundings (Stealth+).
Your rubbery body absorbs attacks. (AC +1, EV +1)


Message History

The jelly is moderately wounded.
The jelly completely misses you.
You hit the jelly. You freeze the jelly.
Your tentacles burn!
You squeeze the jelly.
The jelly is almost dead.
The jelly misses you.
You hit the jelly but do no damage.
Your tentacles burn!
* * * LOW HITPOINT WARNING * * *
The jelly is almost dead.
You hit the jelly but do no damage. The acid corrodes you!
Your tentacles burn!
* * * LOW HITPOINT WARNING * * *
The jelly is almost dead.
The jelly misses you.
You hit the jelly but do no damage.
Your tentacles burn!
* * * LOW HITPOINT WARNING * * *
The jelly is almost dead.
The jelly hits you.
* * * LOW HITPOINT WARNING * * *
The acid corrodes you!
You are splashed with acid!
You die...

######## ###################
.......# #..................
######.# #.#................
#.# #.#.#####.#.######. .
#.####.#.####.###.##### ..
#.##.......@J...##.##.###...
#.##.#.#.####.#....))#.g)#
#####.##.#.#.#
##.#.####.##h#
#............# ##.## ### .#
#.########...# ### h# #.#
###.# .# #.##########.# ..
#..........#<# ##
##########.#.#


You could see a jelly.

Vanquished Creatures
  An ice beast (D:5)
  A necrophage (D:5)
  A bullfrog zombie (D:5)
  2 quasits
  An orc priest (D:3)
  An orc wizard (D:3)
  A worker ant (D:2)
  A worker ant zombie (D:5)
  A hound skeleton (D:4)
  6 gnolls (D:5)
  4 adders
  3 white imps (D:5)
  An ooze (D:3)
  2 worms
  A dart slug (D:3)
  3 leopard geckos
  9 orcs
  A giant cockroach (D:1)
  3 hobgoblins
  4 jackals
  9 kobolds
  2 quokkas (D:3)
  6 bats
  6 frilled lizards
  11 goblins
  5 rats
86 creatures vanquished.

Notes
Turn   | Place    | Note
-------+----------+-------------------------------------------
     0 | D:1      | Ayyar the Octopode Monk began the quest for the Orb.
     0 | D:1      | Reached XP level 1. HP: 16/16 MP: 1/1
    70 | D:1      | Reached skill level 3 in Stealth
    72 | D:1      | Reached XP level 2. HP: 21/21 MP: 2/2
  1040 | D:2      | Reached skill level 4 in Stealth
  1040 | D:2      | Reached XP level 3. HP: 18/26 MP: 3/3
  1243 | D:2      | Reached XP level 4. HP: 31/31 MP: 4/4
  1767 | D:3      | Reached XP level 5. HP: 26/36 MP: 5/5
  1969 | D:3      | Reached skill level 5 in Stealth
  1969 | D:3      | Reached skill level 1 in Evocations
  1983 | D:3      | HP: 1/37 [orc (4)]
  2906 | D:4      | Found a white marble altar of Elyvilon.
  3052 | D:4      | Reached XP level 6. HP: 39/43 MP: 6/6
  3209 | D:5      | Entered Level 5 of the Dungeon
  3424 | D:5      | Noticed a necrophage
  3614 | D:5      | Killed a necrophage
  3614 | D:5      | Reached skill level 6 in Stealth
  3704 | D:5      | Found a staircase to the Ecumenical Temple.
  3752 | D:5      | Reached XP level 7. HP: 43/48 MP: 7/7
  3998 | D:5      | Splashed by a jelly's acid

Illustrated notes

Levels and vault maps discovered:
D:1:      shiori_shiawase, layout_basic
D:2:      layout_loops_ring
D:3:      layout_basic
D:4:      layout_gridville, elyvilon_altar_4
D:5:      layout_loops_ring, minmay_temple_entry_drinking_statues

Skill      XL: |  1  2  3  4  5  6 |
---------------+-------------------+-----
Stealth        | 3 4 5 6 |  6.9
Evocations     | 1 2 |  2.5
Fighting       | 4 |  4.4
Short Blades   | 4 |  4.3
Dodging        | 4 |  4.3

Action                   |  1- 3 |  4- 6 |  7- 9 || total
-------------------------+-------+-------+-------++-------
Melee: Short sword       |    40 |    18 |       ||    58
       Constrict         |     8 |    27 |     8 ||    43
       Tentacles         |     7 |    23 |     8 ||    38
       Dagger            |       |   105 |    37 ||   142
Throw: Dart              |       |     1 |       ||     1
Evoke: Wand              |       |     1 |       ||     1
  Use: Scroll            |       |     1 |       ||     1
 Stab: Sleeping          |    13 |    15 |     2 ||    30
Armor: Skin              |     1 |     7 |     2 ||    10
Dodge: Dodged            |    14 |    75 |    22 ||   111

Table legend: (Time is in decaauts)
 A = Elapsed time spent in this place.
 B = Non-inter-level travel time spent in this place.
 C = Inter-level travel time spent in this place.
 D = Time resting spent in this place.
 E = Time spent auto-exploring this place.
 F = Levels seen in this place.
 G = Mean time per level.
                   A        B        C        D        E       F      G
               +--------+--------+--------+--------+--------+-----+--------+
         Total |   3963 |   3796 |    167 |    516 |   2676 |   5 |  792.6 |
       Dungeon |   3963 |   3796 |    167 |    516 |   2676 |   5 |  792.6 |
               +--------+--------+--------+--------+--------+-----+--------+

Top non-repeatable levels by time:
     D:3: 1095 daAuts
     D:1: 843 daAuts
     D:2: 777 daAuts
     D:5: 774 daAuts
     D:4: 472 daAuts
